 Dungeon Crawl Stone Soup version 0.30-a0-135-g630cfc4551 (webtiles) character file.

Game seed: 16236745233698765434

191 Hubris850 the Shield-Bearer (level 5, 0/33 HPs)
             Began as a Gargoyle Fighter on Sept 20, 2022.
             Slain by a gnoll
             ... wielding a +0 flail
              (11 damage)
             ... on level 3 of the Dungeon.
             The game lasted 00:05:27 (2790 turns).

Hubris850 the Shield-Bearer (Gargoyle Fighter)      Turns: 2790, Time: 00:05:28

Health: 0/33       AC: 12    Str: 20    XL:     5   Next: 70%
Magic:  5/5        EV:  9    Int: 10    God:
Gold:   146        SH:  4    Dex:  9    Spells: 4/4 levels left

rFire   . . .      SeeInvis .    l - +5 club
rCold   . . .      Faith    .    c - +0 buckler
rNeg    + . .      Spirit   .    b - +0 scale mail
rPois   ∞          Reflect  .    (no helmet)
rElec   +          Harm     .    (no cloak)
rCorr   .          Rampage  .    o - +0 pair of gloves
Will    +....                    (no boots)
Stlth   ..........               (no amulet)
HPRegen 0.11/turn                f - ring of willpower
MPRegen 0.09/turn                (no ring)

@: weakened
A: sickness immunity, AC +4, negative energy resistance 1, electricity
resistance, torment resistance 1, petrification resistance
a: no special abilities


You were on level 3 of the Dungeon.
You visited 1 branch of the dungeon, and saw 3 of its levels.

You collected 146 gold pieces.

Inventory:

Hand Weapons
 a - a +0 flail
 j - a +0 mace of protection
 l - a +5 club (weapon)
Missiles
 n - 3 poisoned darts (quivered)
 s - a throwing net
Armour
 b - a +0 scale mail (worn)
 c - a +0 buckler (worn)
 o - a +0 pair of gloves (worn)
 q - a +0 ring mail
Jewellery
 f - a ring of willpower (left hand)
Scrolls
 e - a scroll of torment {unknown}
 h - a scroll of enchant armour {unknown}
 i - 2 scrolls of identify {unknown}
 m - 2 scrolls of amnesia {unknown}
 u - a scroll of teleportation {unknown}
 v - a scroll of poison {unknown}
Potions
 d - a potion of might
 g - 2 potions of invisibility {unknown}
 k - a potion of brilliance {unknown}
 p - a potion of cancellation {unknown}
 r - 2 potions of resistance {unknown}
 t - 2 potions of heal wounds {unknown}


   Skills:
 - Level 4.0 Fighting
 + Level 3.7 Maces & Flails
 - Level 4.0 Armour
 + Level 4.8 Shields


You had 4 spell levels left.
You didn't know any spells.
Your spell library contained the following spells:

 Spells                   Type           Power      Damage    Failure   Level
 Magic Dart               Conj           0%         1d3       80%         1
 Searing Ray              Conj           0%         2d4       90%         2
 Dispel Undead            Necr           0%         3d6       100%        4
 Fulminant Prism          Conj/Hex       0%         3d6       100%        4
 Death Channel            Necr           0%         N/A       100%        6
 Cigotuvi's Dreadful Rot  Necr/Pois/Air  Unusable   N/A       N/A         2

Dungeon Overview and Level Annotations

Branches:
Dungeon (3/15)

Altars:

Shops:
D:2 !   D:3 [


Innate Abilities, Weirdness & Mutations

You are immune to sickness and miasma.
Your stone body is resilient. (AC +4)
You are immune to poison.
You resist negative energy. (rN+)
You are resistant to electric shocks. (rElec)
You are resistant to unholy torment.
You are immune to petrification.


Message History

You block the orc's attack.
You barely miss the gnoll bouda.
The gnoll bouda is moderately wounded.
The gnoll bouda gazes fiercely through you!
You feel your attacks grow feeble.
The gnoll bouda hits you but does no damage.
The gnoll barely misses you. The gnoll closely misses you.
The orc barely misses you. You block the gnoll's attack.
The gnoll bouda gazes fiercely through you!
You feel as though you will be weak longer.
The gnoll bouda hits you with a +0 club.
Unknown command.
The gnoll bouda attacks as you move away!
The gnoll bouda closely misses you. The orc attacks as you move away!
The orc barely misses you. The gnoll hits you but does no damage.
There is a huge open gate here.
The orc attacks as you move away! The orc hits you but does no damage.
The gnoll attacks as you move away! The gnoll closely misses you.
The gnoll bouda barks out a call to the hunt!
The gnolls pick up the pace!
You hit the gnoll.
The gnoll is moderately wounded.
The gnoll hits you from afar with a +0 spear.
The gnoll closely misses you. The orc hits you but does no damage.
The gnoll barely misses you.
You hit the gnoll.
The gnoll is heavily wounded.
The gnoll bouda gazes fiercely through you!
You feel as though you will be weak longer.
The gnoll closely misses you. The orc barely misses you.
You hit the gnoll.
The gnoll is severely wounded.
The orc hits you but does no damage.
The gnoll splashes around in the water.
You hit the gnoll.
The gnoll is almost dead.
An orc comes into view. It is wielding a +0 club.
The gnoll bouda gazes fiercely through you!
You feel as though you will be weak longer.
You block the orc's attack. The gnoll hits you with a +0 flail!
You die...

~≈~.# ~~~.# ~~~.# ~≈≈.#
########### ~≈~.# .'....'.. ≈≈≈.#
#....# ~≈### # #..o.#
≈≈#...#############g'''##########
~≈#og.#.........@ogg.............
~≈#####~~≈~~~~~≈g≈o...)~~~~~~~~~~
~≈≈≈≈≈≈≈≈≈≈≈≈≈≈≈≈≈~....~≈≈≈~≈≈≈≈≈
~~~~~~~~~≈≈~~~~≈~~~....~~~~~~≈≈)~
......................)).......÷.
.....................###########.
.......#########.##### #.
.......# #.# #. .......# #.# #.


You could see a gnoll bouda, 3 gnolls and 3 orcs.

Vanquished Creatures
  A howler monkey (D:3)
  A hound (D:3)
  Jessica (D:2)
  3 adders (D:2)
  2 gnolls (D:3)
  An orc (D:3)
  3 bats
  3 endoplasms (D:1)
  5 hobgoblins
  12 jackals (D:3)
  2 kobolds
  2 quokkas
  3 ball pythons
  A frilled lizard (D:1)
  3 goblins
  2 rats
45 creatures vanquished.

Notes
Turn   | Place    | Note
-------+----------+-------------------------------------------
     0 | D:1      | Hubris850 the Gargoyle Fighter began the quest for the Orb.
     0 | D:1      | Reached XP level 1. HP: 14/14 MP: 1/1
   412 | D:1      | Reached XP level 2. HP: 18/19 MP: 2/2
  1414 | D:2      | Reached XP level 3. HP: 23/23 MP: 3/3
  1502 | D:2      | Noticed Jessica
  1525 | D:2      | Killed Jessica
  1526 | D:2      | Reached XP level 4. HP: 23/29 MP: 4/4
  1921 | D:2      | Found Hurchep's Distillery.
  2553 | D:3      | Found Iseckyoc's Armour Shop.
  2700 | D:3      | Reached XP level 5. HP: 17/33 MP: 5/5
  2790 | D:3      | Slain by a gnoll

Illustrated notes

Levels and vault maps discovered:
D:1:      matt_arrival_refuge, layout_basic
D:2:      layout_basic, serial_shops, shop_statue, uniq_jessica
D:3:      lemuel_castle_with_subvaults [lemuel_castle_interior_carwin_3],
          layout_loops_ring, mainiacjoe_overflow_alcove_4,
          chequers_temple_overflow_minitemple, shapermc_ecumenical_altar_petra,
          serial_shops, nicolae_shop_window_shopping

Skill      XL: |  1  2  3  4 |
---------------+-------------+-----
Armour         | 4 |  4.0
Fighting       | 4 |  4.0
Shields        | 4 |  4.8
Maces & Flails | 3 |  3.7

Action                   |  1- 3 |  4- 6 || total
-------------------------+-------+-------++-------
Melee: Flail             |    18 |       ||    18
       Mace              |    63 |       ||    63
       Club              |       |    90 ||    90
Throw: Dart              |     4 |       ||     4
  Use: Potion            |       |     1 ||     1
Armor: Scale mail        |    44 |    84 ||   128
Dodge: Dodged            |    47 |    88 ||   135
Block: Buckler           |    19 |    37 ||    56

Table legend: (Time is in decaauts)
 A = Elapsed time spent in this place.
 B = Non-inter-level travel time spent in this place.
 C = Inter-level travel time spent in this place.
 D = Time resting spent in this place.
 E = Time spent auto-exploring this place.
 F = Levels seen in this place.
 G = Mean time per level.
                   A        B        C        D        E       F      G
               +--------+--------+--------+--------+--------+-----+--------+
         Total |   2829 |   2765 |     64 |      0 |   2189 |   3 |  943.0 |
       Dungeon |   2829 |   2765 |     64 |      0 |   2189 |   3 |  943.0 |
               +--------+--------+--------+--------+--------+-----+--------+

Top non-repeatable levels by time:
     D:1: 1379 daAuts
     D:2: 913 daAuts
     D:3: 537 daAuts
